 Dungeon Crawl Stone Soup version 0.17-a0-2127-g1cb09f6 (webtiles) character file.

131 wvc the Cudgeler (level 4, 0/36 HPs)
             Began as a Minotaur Wizard on Oct 23, 2015.
             Slain by an orc
             ... wielding a +0 mace
              (2 damage)
             ... on level 3 of the Dungeon.
             The game lasted 00:07:32 (3069 turns).

wvc the Cudgeler (Minotaur Wizard)                  Turns: 3069, Time: 00:07:33

Health: 0/36       AC:  6    Str: 12    XL:     4   Next: 91%
Magic:  6/6        EV: 10    Int: 16    God:
Gold:   143        SH:  3    Dex:  8    Spells: 2 memorised, 3 levels left

rFire  . . .     SeeInvis .     h - +1 club
rCold  . . .     Clarity  .     r - +0 ring mail
rNeg   + . .     SustAt   .     i - +0 buckler
rPois  .         Gourm    .     b - +0 hat
rElec  .         Spirit   .     s - +0 cloak
rCorr  .         Warding  +     (no gloves)
rMut   .         Stasis   .     (no boots)
MR     .....                    l - amulet of warding
Stlth  +.........               (no ring)
                                (no ring)

@: repel missiles, not resistant to hostile enchantments, very unstealthy
A: retaliatory headbutt, horns 2
a: no special abilities


You were on level 3 of the Dungeon.
You were not hungry.

You visited 1 branch of the dungeon, and saw 3 of its levels.

You collected 143 gold pieces.

Inventory:

Hand Weapons
 e - a +1 dagger of holy wrath
 h - a +1 club (weapon)
 m - a +1 dagger of pain
Missiles
 f - 5 tomahawks (quivered)
 j - 95 stones
Armour
 b - a +0 hat (worn)
 i - a +0 buckler (worn)
 r - a +0 ring mail (worn)
 s - a +0 cloak (worn)
 v - a +0 leather armour
Jewellery
 l - an amulet of warding (around neck)
Wands
 a - a wand of polymorph (3)
Potions
 g - a potion of brilliance
 k - a potion of cancellation {unknown}
 n - 2 potions of haste {unknown}
 o - a potion of agility
 p - a potion of resistance {unknown}
 q - 2 potions of curing
Books
 c - a book of Minor Magic

   Spells                             Type                      Level
   a - Magic Dart                     Conjuration                  1
   b - Blink                          Translocation                2
   c - Call Imp                       Summoning                    2
   d - Repel Missiles                 Charms/Air                   2
   e - Slow                           Hexes                        2
   f - Conjure Flame                  Conjuration/Fire             3
   g - Mephitic Cloud                 Conjuration/Poison/Air       3
Comestibles
 d - 2 bread rations
 t - 3 chunks of flesh
 u - 2 meat rations


   Skills:
 - Level 2.0 Fighting
 * Level 3.1 Maces & Flails
 - Level 3.1 Armour
 - Level 2.5 Dodging
 - Level 1.5 Stealth
 + Level 0.5 Shields
 - Level 2.1 Spellcasting
   Level 0.6 Conjurations
   Level 0.6 Summonings
 - Level 0.8 Translocations


You had 3 spell levels left.
You knew the following spells:

 Your Spells              Type           Power        Failure   Level  Hunger
b - Repel Missiles        Chrm/Air       #.....       90%         2    ###....
c - Blink                 Tloc           N/A          83%         2    ###....


Dungeon Overview and Level Annotations

Branches:
Dungeon (3/15)

Altars:


Innate Abilities, Weirdness & Mutations

You reflexively headbutt those who attack you in melee.
You have a pair of horns on your head.


Message History

You hit the orc.
The orc is moderately wounded.
The giant newt bites you but does no damage.
The orc priest invokes the aid of Beogh against you.
Something smites you! You block the orc's attack. The orc barely misses you.
You furiously retaliate!
You headbutt the orc. You hit the orc.
The orc is heavily wounded.
The giant newt barely misses you. The orc hits you but does no damage.
The orc barely misses you.
The giant newt bites you but does no damage.
The orc priest invokes the aid of Beogh against you.
Something smites you!
You hit the orc.
You kill the orc!
The orc priest invokes the aid of Beogh against you.
Something smites you!
* * * LOW HITPOINT WARNING * * *
The orc hits you with a mace.
You die...

.. .. #. #.###
# #...##.#
.#####$o...
......)ol#
####### #@#
#......
#.#######)#
#.####. #..
##.#.......#
##.####. #.#
...........#
#....... ##.##
##$.....#.##
#..####. ....
...#....#.#
########..####.
##.# ##
#....#.#
#......#.......
##.### #......#
#.####.#.######
.....###
##...###
#.####.#.######


You could see an orc priest, an orc and a giant newt.

Vanquished Creatures
  Robin (D:2)
  2 adders (D:3)
  6 giant geckos
  5 orcs
  4 giant cockroaches
  8 hobgoblins
  4 ball pythons
  6 bats
  5 giant newts
  21 goblins
  7 jackals
  10 kobolds
  A quokka (D:2)
  14 rats
94 creatures vanquished.

Notes
Turn   | Place    | Note
--------------------------------------------------------------
     0 | D:1      | wvc the Minotaur Wizard began the quest for the Orb.
     0 | D:1      | Reached XP level 1. HP: 14/14 MP: 2/2
   260 | D:1      | Reached skill level 1 in Fighting
   572 | D:1      | Reached XP level 2. HP: 18/23 MP: 0/4
   672 | D:1      | Learned a level 2 spell: Repel Missiles
   675 | D:1      | Learned a level 2 spell: Blink
   986 | D:1      | Reached skill level 1 in Maces & Flails
  1169 | D:1      | Reached XP level 3. HP: 18/29 MP: 5/5
  1674 | D:2      | Reached skill level 1 in Armour
  1923 | D:2      | Noticed Robin
  1994 | D:2      | Reached XP level 4. HP: 16/36 MP: 6/6
  2006 | D:2      | Killed Robin
  2411 | D:2      | Reached skill level 3 in Maces & Flails
  3069 | D:3      | Slain by an orc

Vault maps used:
D:1:      nagdon_arrival_double_spiral
D:2:      st_stairs_11, uniq_robin

Action                   |  1- 3 |  4- 6 || total
-------------------------+-------+-------++-------
Melee: Dagger            |   187 |    99 ||   286
       Unarmed           |     2 |       ||     2
       Club              |       |    28 ||    28
Throw: Stone             |     1 |       ||     1
 Cast: Magic Dart        |     9 |       ||     9
       Repel Missiles    |     1 |     1 ||     2
       Blink             |     1 |       ||     1
  Use: Scroll            |     6 |     3 ||     9
       Potion            |     2 |       ||     2
 Stab: Sleeping          |     3 |       ||     3
       Invisible         |     2 |     1 ||     3
  Eat: Chunk             |     4 |     2 ||     6
       Fruit             |       |     6 ||     6
